 Dungeon Crawl Stone Soup version 0.29-a0-11-ga75d3d97ab (webtiles) character file.

Game seed: 5009609227184284499

1358 kae the Ruffian (level 8, -2/76 (79) HPs)
             Began as a Purple Draconian Transmuter on Jan 28, 2022.
             Slain by a two-headed ogre (15 damage)
             ... on level 6 of the Dungeon.
             The game lasted 00:04:59 (7658 turns).

kae the Ruffian (Purple Draconian Transmuter)       Turns: 7658, Time: 00:05:00

HP:   -2/76 (79)    AC:  7    Str: 13    XL:     8   Next: 37%
MP:   15/23         EV: 10    Int: 16    God:
Gold: 180           SH:  0    Dex: 11    Spells: 7/15 levels left

rFire   x . .      SeeInvis .     - Unarmed
rCold   + + +      Faith    .   (shield currently unavailable)
rNeg    . . .      Spirit   .   (armour unavailable)
rPois   +          Reflect  .   (helmet currently unavailable)
rElec   .          Harm     .   (cloak currently unavailable)
rCorr   .          Rampage  .   (gloves currently unavailable)
Will    +....                   (boots currently unavailable)
Stlth   +.........              (no amulet)
HPRegen 0.22/turn               b - ring of magical power
MPRegen 0.18/turn               (no ring)

@: ice-form, very slightly contaminated, lightly drained
A: freezing attack, amphibious, boosted hp, (breathe power), AC +6, large,
unfitting armour, (cold-blooded)
a: End Transformation


You were on level 6 of the Dungeon.
You were a creature of crystalline ice.
You visited 1 branch of the dungeon, and saw 6 of its levels.
You also visited: Sewer.

You collected 316 gold pieces.
You spent 136 gold pieces at shops.

Inventory:

Jewellery
 b - a ring of magical power (left front paw)
 q - a ring of resist corrosion
Wands
 m - a wand of iceblast (3)
Scrolls
 i - a scroll of brand weapon
 k - 3 scrolls of enchant weapon
 l - a scroll of enchant armour
 o - a scroll of blinking
 s - a scroll of fog
 t - a scroll of teleportation
 u - a scroll of identify
Potions
 a - 3 potions of invisibility
 c - 2 potions of flight
 d - a potion of ambrosia
 e - a potion of magic
 f - 2 potions of cancellation
 g - a potion of lignification {unknown}
 h - a potion of might
 j - a potion of heal wounds
 n - 2 potions of curing
 p - a potion of berserk rage {unknown}
 r - a potion of degeneration {unknown}


   Skills:
 + Level 3.8 Fighting
 + Level 3.7 Dodging
 * Level 5.8 Unarmed Combat
 + Level 4.2 Spellcasting
 * Level 5.2 Transmutations
 * Level 3.5 Ice Magic
 - Level 2.0 Poison Magic


You had 7 spell levels left.
You knew the following spells:

 Your Spells              Type           Power      Damage    Failure   Level
a - Beastly Appendage     Tmut           40%        N/A       1%          1
b - Spider Form           Tmut/Pois      15%        N/A       11%         3
c - Ice Form              Ice/Tmut       17%        N/A       26%         4

Your spell library contained the following spells:

 Spells                   Type           Power      Damage    Failure   Level
 Wereblood                Tmut           20%        N/A       2%          2
 Ozocubu's Armour         Ice            14%        N/A       12%         3
 Ignite Poison            Fire/Tmut/Pois 11%        N/A       19%         3
 Conjure Flame            Conj/Fire      3%         6-21      45%         3
 Tukima's Dance           Hex            3%         N/A       45%         3
 Yara's Violent Unravell  Hex/Tmut       5%         3d4       83%         5
 Passage of Golubria      Tloc           3%         N/A       86%         4
 Sticky Flame             Conj/Fire      3%         2d3       86%         4
 Silence                  Hex/Air        1%         N/A       99%         5
 Ozocubu's Refrigeration  Ice            7%         4d6       100%        7
 Lehudib's Crystal Spear  Conj/Erth      1%         10d2      100%        8


Dungeon Overview and Level Annotations

Branches:
Dungeon (6/15)              Sewer (visited)
 Temple: D:4-7

Altars:
Dithmenos
Gozag
Okawaru
Wu Jian
Xom

Shops:
D:5 *

Annotations:
D:6 1 runed translucent door, sobakacece's ghost, novice MiFi


Innate Abilities, Weirdness & Mutations

You are a creature of crystalline ice.
You have a powerful freezing melee attack.
You are amphibious.
Your maximum health is increased.
Your armour is entirely melded.
You are incapable of wielding weapons or throwing items.
((You can breathe bolts of dispelling energy.))
((Your rich purple scales are hard. (AC +6)))
You cannot fit into any form of body armour.
((You are cold-blooded and may be slowed by cold attacks.))


Message History

The two-headed ogre shouts in stereo!
No target in view!
No target in view!
Your transformation is almost over.
There is a large open door here.
Your transformation has ended.
A two-headed ogre is nearby!
A two-headed ogre is nearby!
Casting: Spider Form (dangerous; 11% risk of failure)
Confirm with . or Enter, or press ? or * to list all spells.
The spell is quite dangerous to miscast (26% risk of failure)!
Continue anyway? [Y]es or [N]o only, please.
The spell is quite dangerous to miscast (26% risk of failure)!
Continue anyway?
You miscast Ice Form.
You are very lightly contaminated with residual magic.
Nothing appears to happen.
Casting: Ice Form (quite dangerous; 26% risk of failure)
Confirm with . or Enter, or press ? or * to list all spells.
The spell is quite dangerous to miscast (26% risk of failure)!
Continue anyway? [Y]es or [N]o only, please.
The spell is quite dangerous to miscast (26% risk of failure)!
Continue anyway?
You turn into a creature of crystalline ice.
Aiming: Iceblast
Press: ? - help, Shift-Dir - straight line, f - two-headed ogre
Aim: a two-headed ogre, wielding two +0 giant clubs The mass of ice explodes!
The iceblast engulfs the two-headed ogre!
The two-headed ogre is moderately wounded.
You punch the two-headed ogre! You freeze the two-headed ogre.
The two-headed ogre is heavily wounded.
The two-headed ogre hits you with a +0 giant club!
The two-headed ogre hits you with a +0 giant club!!
You hit the two-headed ogre but do no damage.
The two-headed ogre is heavily wounded.
You punch the two-headed ogre! You freeze the two-headed ogre.
The two-headed ogre is almost dead.
The two-headed ogre hits you with a +0 giant club!!
* * * LOW HITPOINT WARNING * * *
The two-headed ogre hits you with a +0 giant club!
You die...

#.# ##..........## #.#
##........##
#.################'O####
.......(.......#.....##
#.########............#
#.# #.###.#.####.# #.#
#.# #....###.#####
#.#### #.#
#..O.........# #....#
#.# ##.Y.###.###.#
####.# #.# ##.## #.# #.#
# #.# ###.#####.# #.#
#.# ## #.# #.........#
#.# #.# .###.#
#.#.####### #.# #.#
#....# #.#.# #.###.##
.###.# #.#.# #......# ##
#.# #...# ####.#.# .#
#.# #..####### #.#.#


You could see a two-headed ogre.

Vanquished Creatures
  Edmund (D:6)
  2 ice beasts
  2 necrophages (D:5)
  A centaur (D:5)
  A bullfrog (D:5)
  A scorpion (D:5)
  A wyvern skeleton (D:6)
  5 hounds
  2 orc priests (D:6)
  2 iguanas
  2 orc wizards
  10 adders
  5 river rats
  2 adder skeletons (D:4)
  2 worms
  A dart slug (D:2)
  15 orcs
  5 bats
  6 endoplasms
  A giant cockroach (D:3)
  12 goblins
  12 hobgoblins
  2 jackals (D:3)
  20 kobolds
  A quokka (D:1)
  15 ball pythons
  3 frilled lizards
  32 rats
164 creatures vanquished.

Vanquished Creatures (collateral kills)
  A white imp (D:5)
1 creature vanquished.

Grand Total: 165 creatures vanquished

Notes
Turn   | Place    | Note
-------+----------+-------------------------------------------
     0 | D:1      | kae the Draconian Transmuter began the quest for the Orb.
     0 | D:1      | Reached XP level 1. HP: 16/16 MP: 3/3
    48 | D:1      | Found a faded altar of an unknown god.
   266 | D:1      | Reached XP level 2. HP: 23/23 MP: 3/5
  1125 | D:2      | Reached XP level 3. HP: 29/29 MP: 6/6
  1130 | D:2      | Learned a level 3 spell: Spider Form
  1781 | D:2      | Reached skill level 1 in Poison Magic
  2281 | D:3      | Reached XP level 4. HP: 24/36 MP: 7/7
  2398 | D:3      | Found a glowing drain.
  2405 | Sewer    | Entered a sewer
  2661 | Sewer    | Reached XP level 5. HP: 26/41 MP: 8/8
  3772 | D:3      | Found an ornate altar of the Wu Jian Council.
  4378 | D:3      | Noticed an ice beast
  4391 | D:3      | Killed an ice beast
  4392 | D:3      | Reached XP level 6. HP: 35/50 MP: 10/10
  4400 | D:3      | Learned a level 4 spell: Ice Form
  4623 | D:4      | Found a shadowy altar of Dithmenos.
  4772 | D:4      | Found an opulent altar of Gozag.
  4785 | D:4      | Found an iron altar of Okawaru.
  4790 | D:4      | Found a shimmering altar of Xom.
  4812 | D:4      | Identified the +0 leather armour of the Stone Wall {Will+
                  | Slay+5}
  5119 | D:4      | Identified the +4 ring mail "Sobb" {rC+}
  5259 | D:5      | Entered Level 5 of the Dungeon
  5340 | D:5      | Found Gecapupue's General Store.
  5423 | D:5      | Reached skill level 1 in Ice Magic
  5474 | D:5      | Your scales start taking on a rich purple colour.
  5474 | D:5      | Reached XP level 7. HP: 54/56 MP: 12/12
  5527 | D:5      | Bought a potion of curing for 39 gold pieces
  5527 | D:5      | Bought a scroll of blinking for 97 gold pieces
  5811 | D:5      | Reached skill level 5 in Unarmed Combat
  6380 | D:6      | Noticed sobakacece's ghost (novice MiFi)
  6380 | D:6      | Found a runed translucent door.
  6695 | D:6      | Noticed Edmund
  6709 | D:6      | Killed Edmund
  6710 | D:6      | Reached XP level 8. HP: 59/63 MP: 14/14
  7084 | D:6      | Reached skill level 5 in Transmutations
  7636 | D:6      | Noticed a two-headed ogre
  7658 | D:6      | Slain by a two-headed ogre

Illustrated notes

Levels and vault maps discovered:
D:1:      co_arrival_square_in_a_square_in_a_square, layout_basic,
          ebering_ecumenical_altar_abandoned
D:2:      layout_loops_cross, minmay_pentomino_p2
D:3:      cheibrodos_greedy_goblins, layout_basic,
          nicolae_wu_jian_immortal_techniques, lightli_sewer_entry_pipes,
          grunt_decor_junction, minmay_misc_feat_plants
D:4:      layout_rooms, nicolae_dithmenos_through_a_glass_darkly, minitemple
D:5:      layout_loops_ring, serial_shops, shop_statue,
          chequers_serial_rivers_room_b
D:6:      layout_loops_ring, kennysheep_mini, hellmonk_ghost_happy_afterlife,
          minmay_liquid_box, kennysheep_cross_room, corexii_leaking_fountain,
          grunt_decor_clamped, hangedman_abyss_or_decor_stabs, uniq_edmund

Skill      XL: |  1  2  3  4  5  6  7  8 |
---------------+-------------------------+-----
Dodging        | 2 3 |  3.7
Poison Magic   | 1 2 |  2.0
Fighting       | 2 3 |  3.8
Transmutations | 3 4 5 |  5.2
Unarmed Combat | 4 5 |  5.8
Ice Magic      | 1 3 |  3.5
Spellcasting   | 3 4 |  4.2

Action                   |  1- 3 |  4- 6 |  7- 9 || total
-------------------------+-------+-------+-------++-------
Melee: Unarmed           |   106 |   268 |    96 ||   470
       Kick              |    17 |    21 |       ||    38
       Tailslap          |     5 |    12 |     1 ||    18
       Headbutt          |     7 |    19 |       ||    26
       Punch             |       |     7 |     2 ||     9
 Cast: Beastly Appendage |    23 |    23 |       ||    46
       Spider Form       |       |    19 |    15 ||    34
       Ice Form          |       |       |     3 ||     3
Evoke: Wand              |       |       |     1 ||     1
  Use: Scroll            |     2 |     9 |     4 ||    15
       Potion            |       |     3 |       ||     3
Armor: Skin              |    21 |    52 |     9 ||    82
Dodge: Dodged            |    66 |   249 |    72 ||   387

Table legend: (Time is in decaauts)
 A = Elapsed time spent in this place.
 B = Non-inter-level travel time spent in this place.
 C = Inter-level travel time spent in this place.
 D = Time resting spent in this place.
 E = Time spent auto-exploring this place.
 F = Levels seen in this place.
 G = Mean time per level.
                   A        B        C        D        E       F      G
               +--------+--------+--------+--------+--------+-----+--------+
         Total |   7678 |   7571 |    107 |    215 |   6128 |   7 | 1096.9 |
       Dungeon |   6605 |   6498 |    107 |    215 |   5280 |   6 | 1100.8 |
         Sewer |   1073 |   1073 |      0 |      0 |    847 |   1 | 1073.0 |
               +--------+--------+--------+--------+--------+-----+--------+

Top non-repeatable levels by time:
     D:2: 1291 daAuts
     D:3: 1290 daAuts
     D:6: 1274 daAuts
     D:5: 1118 daAuts
   Sewer: 1073 daAuts
     D:1: 958 daAuts
     D:4: 672 daAuts
